 Dungeon Crawl Stone Soup version 0.17.1-1-g73c8601 (webtiles) character file.

364 Arkorax the Insei (level 6, 0/67 HPs)
             Began as an Octopode Monk on Dec 22, 2015.
             Was a Believer of Ashenzari.
             Succumbed to a worker ant's poison
             ... on level 3 of the Dungeon.
             The game lasted 00:04:51 (3538 turns).

Arkorax the Insei (Octopode Monk)                   Turns: 3538, Time: 00:04:51

Health: 0/67       AC: 23    Str: 10    XL:     6   Next: 67%
Magic:  6/6        EV:  2    Int: 13    God:    Ashenzari [**....]
Gold:   183        SH:  0    Dex: 16    Spells: 0 memorised, 5 levels left

rFire  . . .     SeeInvis .     q - +13 sword of the Doom Knight {pain, -Cast MR+}
rCold  . . .     Clarity  .     (shield currently unavailable)
rNeg   + + +     SustAt   .     (helmet currently unavailable)
rPois  +         Gourm    .     (no amulet)
rElec  .         Spirit   .     h - ring of positive energy
rCorr  .         Warding  .     (no ring)
rMut   .         NoTele   +     (no ring)
MR     +....     NoCast   +     (no ring)
Stlth  ++++......               (no ring)
                                (no ring)
                                (no ring)
                                (no ring)

@: lethally poisoned (0 -> -3), tree-form, somewhat resistant to hostile
enchantments, stealthy
A: almost no armour, amphibious, 8 rings, (constrict 8), (camouflage 0),
(gelatinous body 0)
a: Scrying, Renounce Religion


You were on level 3 of the Dungeon.
You worshipped Ashenzari.
Ashenzari was pleased with you.
You were not hungry.
You were a tree.
You visited 1 branch of the dungeon, and saw 4 of its levels.

You collected 183 gold pieces.

Inventory:

Hand Weapons
 q - the +13 sword of the Doom Knight (weapon) {pain, -Cast MR+}
   (You found it on level 4 of the Dungeon)

   In the hands of one skilled in necromantic magic, it inflicts extra damage on
   living creatures.
   It affects your resistance to hostile enchantments.
   It prevents spellcasting.
Magical Staves
 j - an uncursed staff of conjuration
Jewellery
 h - a ring of positive energy (left branch)
Wands
 a - a wand of fireball (5)
Scrolls
 b - 6 scrolls of identify {unknown}
 c - a scroll of enchant armour {unknown}
 d - a scroll of magic mapping {unknown}
 e - a scroll of noise {unknown}
 f - a scroll of amnesia {unknown}
 i - a scroll of remove curse
 n - a scroll of enchant weapon {unknown}
 o - a scroll of teleportation {unknown}
Comestibles
 l - a meat ration


   Skills:
 + Level 5.1 Fighting
 * Level 2.0 Long Blades
 - Level 3.0 Dodging
 - Level 3.9 Stealth
 - Level 5.6 Unarmed Combat


You had 5 spell levels left.
You didn't know any spells.

Dungeon Overview and Level Annotations

Branches:
Dungeon (4/15)
 Temple: D:4-7

Altars:
Ashenzari
Cheibriados
Nemelex Xobeh

Annotations:
D:3 Arkorax's ghost, amateur OgGl; Purgy


Innate Abilities, Weirdness & Mutations

You cannot wear most types of armour.
You are amphibious.
You can wear up to eight rings at the same time.
((You can use your tentacles to constrict eight enemies at once.))
((Your skin changes colour to match your surroundings (Stealth).))
((Your rubbery body absorbs attacks (AC +1).))


Message History

The orc priest hits you but does no damage.
The worker ant bites you.
* * * LOW HITPOINT WARNING * * *
You are poisoned.
The worker ant poisons you! The kobold hits you but does no damage.
You are electrocuted!
* * * LOW HITPOINT WARNING * * *
You slash the kobold!
You kill the kobold!
* * * LOW HITPOINT WARNING * * *
You feel sick. The bat hits you but does no damage.
The giant newt bites you but does no damage.
The worker ant bites you but does no damage.
The orc priest hits you but does no damage.
The bat hits you but does no damage. The worm bites you but does no damage.
The giant newt bites you but does no damage.
The worker ant bites you but does no damage.
The orc priest hits you but does no damage.
You closely miss the orc priest.
You die...

,* * , *
#......# *
*...(..#
*..>...### ,
+ ....... , *
* #......#
#.#.#.#b...#
* *
......woa..#
, ,*{#♣bT.#
......l+#+##
## #.#.#.#,#
# ...,......#
* ..
.#.#.#.#.* *
..,....... ,
..#.#.#.#.*,
** .?...b...#
# *
.........#..#


You could see Purgy, a worm, a worker ant, an orc priest, 3 bats and a giant
newt.

Vanquished Creatures
  An ogre (D:4)
  A scorpion (D:4)
  A worker ant (D:4)
  An iguana (D:4)
  Terence (D:2)
  Natasha (D:3)
  An orc wizard (D:4)
  3 adders
  An ooze (D:2)
  A worm (D:2)
  2 giant geckos
  An orc (D:4)
  2 ball pythons (D:2)
  A giant cockroach (D:2)
  8 goblins
  7 hobgoblins
  12 kobolds
  A quokka (D:2)
  8 bats
  3 giant newts (D:1)
  3 rats
60 creatures vanquished.

Notes
Turn   | Place    | Note
--------------------------------------------------------------
     0 | D:1      | Arkorax the Octopode Monk began the quest for the Orb.
     0 | D:1      | Reached XP level 1. HP: 16/16 MP: 1/1
    64 | D:1      | Reached XP level 2. HP: 6/21 MP: 2/2
   568 | D:1      | Reached XP level 3. HP: 8/26 MP: 3/3
  1090 | D:2      | Noticed Terence
  1504 | D:2      | Killed Terence
  1504 | D:2      | Reached XP level 4. HP: 18/33 MP: 4/4
  1705 | D:2      | Found a shattered altar of Ashenzari.
  1783 | D:2      | Became a worshipper of Ashenzari the Shackled
  1783 | D:2      | Reached * piety under Ashenzari
  1783 | D:2      | Reached ** piety under Ashenzari
  2037 | D:2      | Found a snail-covered altar of Cheibriados.
  2105 | D:2      | Reached skill level 5 in Unarmed Combat
  2639 | D:3      | Noticed Natasha
  2639 | D:3      | Noticed Arkorax's ghost (amateur OgGl)
  2649 | D:3      | Killed Natasha
  2649 | D:3      | Reached XP level 5. HP: 13/38 MP: 5/5
  3015 | D:4      | Found a sparkling altar of Nemelex Xobeh.
  3149 | D:4      | Reached XP level 6. HP: 31/45 MP: 6/6
  3514 | D:4      | Noticed an ogre
  3516 | D:4      | Killed an ogre
  3516 | D:4      | Reached skill level 5 in Fighting
  3516 | D:4      | Reached skill level 1 in Long Blades
  3532 | D:3      | Noticed Purgy
  3536 | D:3      | HP: 1/67 [kobold/short sword of electrocution (12)]
  3538 | D:3      | Succumbed to a worker ant's poison

Action                   |  1- 3 |  4- 6 || total
-------------------------+-------+-------++-------
Melee: Unarmed           |    77 |    61 ||   138
       Great sword       |       |     8 ||     8
  Use: Potion            |       |     3 ||     3
       Scroll            |       |     1 ||     1
 Stab: Sleeping          |     3 |    11 ||    14
  Eat: Bread ration      |     1 |     1 ||     2
